 Dungeon Crawl Stone Soup version 0.31-a0-117-g42d8f58691 (webtiles) character file.

Game seed: 3424571212830970158

24 lunkers the Digger (level 3, -12/26 HPs)
             Began as a Meteoran Earth Elementalist on May 30, 2023.
             Mangled by a gnoll
             ... wielding a +0 halberd
              (14 damage)
             ... on level 2 of the Dungeon.
             The game lasted 00:01:35 (168 turns).

lunkers the Digger (Meteoran Earth Elementalist)     Turns: 168, Time: 00:01:35

Health: -12/26     AC:  3    Str: 10    XL:     3   Next: 32%
Magic:  1/8        EV: 12    Int: 18    God:
Gold:   9          SH:  0    Dex: 14    Spells: 7/8 levels left

rFire   . . .        d - +2 spear (distort)
rCold   . . .        (no shield)
rNeg    . . .        a - +0 robe
rPois   .            f - +0 helmet
rElec   .            (no cloak)
rCorr   .            (no gloves)
SInv    .            (no boots)
Will    .....        (no amulet)
Stlth   +            (no ring)
HPRegen 0.24/turn    (no ring)
MPRegen 0.11/turn

%: no passive effects
@: glowing
A: sense surroundings 1, otherworldly, glowing, explore regen
a: no special abilities


You were on level 2 of the Dungeon.
You visited 1 branch of the dungeon, and saw 2 of its levels.

You collected 9 gold pieces.

Inventory:

Hand Weapons
 d - a +2 spear of distortion (weapon)
Armour
 a - a +0 robe (worn)
 f - a +0 helmet (worn)
Scrolls
 c - a scroll of identify {unknown}
Potions
 b - a potion of magic
 e - a potion of enlightenment {unknown}


   Skills:
 - Level 2.4 Dodging
 - Level 1.4 Stealth
 + Level 3.3 Spellcasting
 - Level 1.2 Transmutations
 * Level 4.5 Earth Magic


You had 7 spell levels left.
You knew the following spells:

 Your Spells              Type           Power      Damage    Failure   Level
a - Sandblast             Erth           38%        2d10      2%          1

Your spell library contained the following spells:

 Spells                   Type           Power      Damage    Failure   Level
 Passwall                 Tmut/Erth      10%        N/A       8%          2
 Necrotise                Necr           8%         1d4       16%         1
 Stone Arrow              Conj/Erth      22%        3d8       19%         3
 Vampiric Draining        Necr           2%         2d6       43%         3
 Petrify                  Tmut/Erth      13%        N/A       43%         4
 Agony                    Necr           2%         N/A       99%         5


Dungeon Overview and Level Annotations

Branches:
Dungeon (2/15) Zot: 1027

Altars:

Shops:
D:1 [


Innate Abilities, Weirdness & Mutations

You passively map a small area around you.
You are easily found by Zot.
You glow in the dark.
You regain HP and MP as you explore.


Message History

The gnoll is heavily wounded.
The gnoll blinks!
The gnoll misses you.
Unknown command.
Reach: d) +2 spear (distort)
Press: ? - help, Dir - move target, f/p - gnoll
Aim: a gnoll, wielding a +0 club (heavily wounded, about 34% to evade your +2 spear of distortion)
You reach to attack!
You hit the gnoll.
The gnoll is almost dead.
The gnoll hits you from afar with a +0 halberd.
* * * LOW HITPOINT WARNING * * *
The gnoll misses you.
Reach: d) +2 spear (distort)
Press: ? - help, Dir - move target, f/p - gnoll
Aim: a gnoll, wielding a +0 club (almost dead, about 34% to evade your +2 spear of distortion)
You hit the gnoll.
You kill the gnoll!
The gnoll misses you. The gnoll closely misses you.
You have reached level 3!
Your experience leads to an increase in your attributes!
Increase (S)trength, (I)ntelligence, or (D)exterity?
You feel clever. x2; You feel stronger.
Aiming: Sandblast (safe; 2% risk of failure)
Press: ? - help, Q - select action Shift-Dir - straight line, f - gnoll
Aim: a gnoll, wielding a +1 vampiric whip (84% to hit)
The blast of sand hits the gnoll!
The gnoll is almost dead.
The gnoll barely misses you.
The gnoll hits you with a +1 vampiric whip.
* * * LOW HITPOINT WARNING * * *
The gnoll draws strength from your wounds!
Unknown command.
Aiming: Sandblast (safe; 2% risk of failure)
Press: ? - help, Q - select action Shift-Dir - straight line, f/p - gnoll
Aim: a gnoll, wielding a +1 vampiric whip (severely wounded, 84% to hit)
The blast of sand misses the gnoll.
The blast of sand hits the gnoll.
The gnoll is severely wounded.
* * * LOW MAGIC WARNING * * *
The gnoll hits you from afar with a +0 halberd!
Ouch! That really hurt!
You die...

*,* * * , , ,*,
,, ,, * , , *
.#.###########
.......<.....# *
. *
.##.#######)## *
.. * #@# *.# * ,
, #g# .. , ,,,
#g# .# * * ,
#..#+#'#..#, *
#.........#
,........<......
##......[#!#.#.
* *
#.g.....+...# *
#.......# ###


You could see 2 gnolls.

Vanquished Creatures
  2 gnolls (D:2)
  A dart slug (D:2)
  A bat (D:1)
4 creatures vanquished.

Notes
Turn   | Place    | Note
-------+----------+-------------------------------------------
     0 | D:1      | lunkers the Meteoran Earth Elementalist began the quest for
                  | the Orb.
     0 | D:1      | Reached XP level 1. HP: 14/14 MP: 5/5
     2 | D:1      | Found Reagusiu's Antique Armour Shoppe.
   159 | D:2      | Reached skill level 4 in Earth Magic
   159 | D:2      | Reached XP level 2. HP: 20/20 MP: 2/7
   167 | D:2      | Reached XP level 3. HP: 6/26 MP: 3/8
   168 | D:2      | Mangled by a gnoll

Illustrated notes

Levels and vault maps discovered:
D:1:      grunt_arrival_lava_bath, layout_loops_cross, serial_shops,
          nicolae_square_shop
D:2:      layout_basic, minmay_split_cup_large, uniq_crazy_yiuf_cottage

Skill      XL: |  1 |
---------------+----+-----
Spellcasting   | 3 |  3.3
Earth Magic    | 4 |  4.5
Dodging        | |  2.4
Stealth        | |  1.4
Transmutations | |  1.2

Action                     || total
---------------------------++-------
  Melee: Spear             ||     9
   Cast: Sandblast         ||     7
  Dodge: Dodged            ||     8

Table legend: (Time is in decaauts)
 A = Elapsed time spent in this place.
 B = Non-inter-level travel time spent in this place.
 C = Inter-level travel time spent in this place.
 D = Time resting spent in this place.
 E = Time spent auto-exploring this place.
 F = Levels seen in this place.
 G = Mean time per level.
                   A        B        C        D        E       F      G
               +--------+--------+--------+--------+--------+-----+--------+
         Total |    171 |    166 |      5 |      0 |      0 |   2 |   85.5 |
       Dungeon |    171 |    166 |      5 |      0 |      0 |   2 |   85.5 |
               +--------+--------+--------+--------+--------+-----+--------+

Top non-repeatable levels by time:
     D:1: 138 daAuts
     D:2: 32 daAuts
